 Dungeon Crawl Stone Soup version 0.14-a0-2443-g5aee772 (webtiles) character file.

286 4tharraofdagon the Chopper (level 5, -6/46 HPs)
             Began as a Minotaur Gladiator on Feb 5, 2014.
             Was an Initiate of Makhleb.
             Mangled by Sigmund
             ... wielding a +2,+0 scythe
              (9 damage)
             ... on Level 5 of the Dungeon.
             The game lasted 00:02:52 (543 turns).

4tharraofdagon the Chopper (Minotaur Gladiator)      Turns: 543, Time: 00:02:52

HP  -6/46        AC  3     Str 20      XL: 5   Next: 76%
MP   2/2         EV 12     Int  5      God: Makhleb [......]
Gold 51          SH  0     Dex 11      Spells:  0 memorised,  4 levels left

rFire  . . .     SeeInvis .     m - +0,+1 orc war axe (curse)
rCold  . . .     Clarity  .     b - +0 leather armour
rNeg   . . .     Conserve .     (no shield)
rPois  .         rCorr    .     c - +0 hat
rElec  .         rRot     .     (no cloak)
SustAb . .       Spirit   .     (no gloves)
rMut   .         Warding  .     (no boots)
Saprov . . .     Stasis   .     (no amulet)
MR     .....                    (no ring)
                                (no ring)

@: mildly poisoned, not resistant to hostile enchantments, very unstealthy
A: retaliatory headbutt, horns 2
a: Renounce Religion


You were on level 5 of the Dungeon.
You worshipped Makhleb.
Makhleb was noncommittal.
You were not hungry.

You visited 1 branch of the dungeon, and saw 6 of its levels.

You collected 51 gold pieces.

Inventory:

Hand weapons
 a - a +0,+0 hand axe
 m - a cursed +0,+1 orcish war axe (weapon)
Missiles
 n - 28 darts (quivered)
 p - a throwing net [frayed]
Armour
 b - a +0 leather armour (worn)
 c - a +0 hat (worn)
Magical devices
 q - a wand of slowing (4)
Comestibles
 f - a bread ration
 j - an apple
Scrolls
 e - 2 scrolls of teleportation {unknown}
 g - 2 scrolls of identify {unknown}
 h - a scroll of enchant weapon I {unknown}
 i - a scroll of amnesia {unknown}
 o - a scroll of fog {unknown}
Potions
 k - a potion of speed


   Skills:
 + Level 3.7 Fighting
 * Level 5.7 Axes
 - Level 2.0 Throwing
 + Level 2.6 Armour
 + Level 4.2 Dodging
 + Level 1.0 Evocations


You had 4 spell levels left.
You didn't know any spells.

Dungeon Overview and Level Annotations

Branches:
Dungeon (6/16)
 Temple: D:4-7

Altars:
Makhleb

Annotations:
D:5 Sigmund


Innate Abilities, Weirdness & Mutations

You reflexively headbutt those who attack you in melee.
You have a pair of horns on your head.


Message History

You hit Sigmund but do no damage. You headbutt Sigmund, but do no damage.
Sigmund is lightly wounded.
Unknown command.
Evoke which item? (* to show all) (? for menu, Esc to quit)
Zapping:
q - a wand of slowing {zapped: 1}
Press: ? - help, Shift-Dir - straight line, f/p - Sigmund
Aim: Sigmund, wielding a scythe and wearing a robe (lightly wounded) Sigmund seems to slow down.
Sigmund hits you with a scythe!
* * * LOW HITPOINT WARNING * * *
Unknown command.
You closely miss Sigmund.
Sigmund is lightly wounded.
Unknown command.
Unknown command.
Drink which item? (? for menu, Esc to quit)
Okay, then.
Drink which item? (? for menu, Esc to quit)
That liquid tasted very nasty...
You are poisoned.
It was a potion of poison.
Sigmund hits you with a scythe!
You die...

#. ....
##....#
.....#
###....#
#..@..#
#<@...#
#..?###
.?...#
......##
###...##
. #####
# #


You could see Sigmund.

Vanquished Creatures
  Menkaure (D:5)
  An ogre (D:5)
  A scorpion (D:4)
  A worm (D:6)
  A giant gecko (D:5)
  An orc (D:5)
  5 bats
  A giant cockroach (D:4)
  4 goblins
  2 kobolds
  A giant newt (D:3)
  3 rats
22 creatures vanquished.

Notes
Turn   | Place    | Note
--------------------------------------------------------------
     0 | D:1      | 4tharraofdagon, the Minotaur Gladiator, began the quest for the Orb.
     0 | D:1      | Reached XP level 1. HP: 18/18 MP: 1/1
   165 | D:4      | Noticed a scorpion
   175 | D:4      | Killed a scorpion
   175 | D:4      | Reached skill level 4 in Axes
   175 | D:4      | Reached skill level 1 in Armour
   175 | D:4      | Reached XP level 2. HP: 25/25 MP: 1/1
   175 | D:4      | Reached XP level 3. HP: 30/30 MP: 2/2
   211 | D:4      | Found a burning altar of Makhleb.
   211 | D:4      | Noticed a balrug
   214 | D:4      | Noticed a ynoxinul
   214 | D:4      | Noticed a ynoxinul
   216 | D:4      | Became a worshipper of Makhleb the Destroyer
   240 | D:5      | Entered Level 5 of the Dungeon
   288 | D:6      | Noticed Menkaure
   304 | D:5      | Noticed an ogre
   314 | D:5      | Killed an ogre
   314 | D:5      | Reached skill level 5 in Axes
   314 | D:5      | Reached XP level 4. HP: 28/38 MP: 2/2
   418 | D:5      | Killed Menkaure
   418 | D:5      | Reached skill level 1 in Evocations
   418 | D:5      | Reached XP level 5. HP: 6/46 MP: 2/2
   532 | D:5      | Noticed Sigmund
   543 | D:5      | Mangled by Sigmund

Action                   |  1- 3 |  4- 6 || total
-------------------------+-------+-------++-------
Melee: Hand axe          |    27 |       ||    27
       War axe           |     6 |    33 ||    39
Throw: Throwing net      |     2 |     3 ||     5
Evoke: Wand              |       |     2 ||     2
  Use: Potion            |       |     3 ||     3
 Stab: Held in net/web   |     1 |       ||     1
